 Dungeon Crawl Stone Soup version 0.28.0-45-g0d030f2227 (webtiles) character file.

Game seed: 18117001496622599747

5626 MisterFreud the Basher (level 10, -4/90 HPs)
             Began as a Palentonga Fighter on Apr 2, 2022.
             Was a Believer of Qazlal.
             Slain by a two-headed ogre
             ... wielding a +0 giant club
              (22 damage)
             ... on level 8 of the Dungeon.
             The game lasted 00:14:29 (12034 turns).

MisterFreud the Basher (Palentonga Fighter)        Turns: 12034, Time: 00:14:30

Health: -4/90      AC: 15    Str: 29    XL:     10   Next: 46%
Magic:  10/10      EV:  7    Int:  8    God:    Qazlal [**....]
Gold:   236        SH:  8    Dex: 11    Spells: 9/9 levels left

rFire   . . .      SeeInvis +   a - +0 flail
rCold   . . .      Faith    +   c - +0 buckler
rNeg    . . .      Spirit   .   b - +0 scale mail
rPois   .          Reflect  .   (no helmet)
rElec   .          Harm     .   w - +1 cloak
rCorr   +          Rampage  .   (no gloves)
Will    .....                   (no barding)
Stlth   ..........              x - amulet of faith
HPRegen 0.25/turn               k - ring of resist corrosion
MPRegen 0.12/turn               y - +6 ring of strength

@: curled up
A: large, rugged brown scales 3, see invisible, deformed body, roll 1, armoured
tail, reflexive curl
a: Rolling Charge, Renounce Religion, Upheaval


You were on level 8 of the Dungeon.
You worshipped Qazlal.
Qazlal was pleased with you.
You visited 1 branch of the dungeon, and saw 9 of its levels.
You also visited: Ossuary.

You collected 443 gold pieces.
You spent 207 gold pieces at shops.

Inventory:

Hand Weapons
 a - a +0 flail (weapon)
Missiles
 h - 17 poisoned darts
Armour
 b - a +0 scale mail (worn)
 c - a +0 buckler (worn)
 w - a +1 cloak (worn)
Jewellery
 k - a ring of resist corrosion (left hand)
 x - an amulet of faith (around neck)
 y - a +6 ring of strength (right hand)
 G - a ring of ice
Wands
 t - a wand of polymorph (14)
 B - a wand of charming (6)
 C - a wand of iceblast (13)
 E - a wand of acid (10)
Scrolls
 g - a scroll of enchant weapon
 i - a scroll of silence
 j - a scroll of immolation
 l - a scroll of noise
 m - 2 scrolls of blinking
 n - 2 scrolls of fear
 q - 2 scrolls of enchant armour
 s - 4 scrolls of teleportation
 u - 2 scrolls of amnesia
 v - a scroll of identify
 A - 2 scrolls of magic mapping
 D - a scroll of fog
Potions
 d - 5 potions of might
 e - 2 potions of flight
 f - 7 potions of curing
 o - 3 potions of cancellation
 p - a potion of invisibility
 r - 3 potions of haste
 z - 2 potions of attraction
 F - a potion of degeneration
 H - a potion of brilliance


   Skills:
 - Level 10.0 Fighting
 - Level 10.0 Maces & Flails
 - Level 2.5 Armour
 + Level 7.2 Shields


You had 9 spell levels left.
You didn't know any spells.
Your spell library contained the following spells:

 Spells                   Type           Power      Damage    Failure   Level
 Shock                    Conj/Air       0%         1d3       73%         1
 Blink                    Tloc           0%         N/A       86%         2
 Static Discharge         Conj/Air       0%         N/A       86%         2
 Gell's Gravitas          Tloc           0%         N/A       97%         3
 Lesser Beckoning         Tloc           0%         N/A       97%         3
 Swiftness                Air            0%         N/A       97%         3
 Teleport Other           Tloc           0%         N/A       97%         3
 Airstrike                Air            0%         N/A       100%        4
 Dispel Undead            Necr           0%         3d6       100%        4
 Sticky Flame             Conj/Fire      0%         2d3       100%        4
 Manifold Assault         Tloc           0%         N/A       100%        5
 Storm Form               Tmut/Air       0%         N/A       100%        7


Dungeon Overview and Level Annotations

Branches:
Dungeon (9/15)             Temple (0/1) D:6            Lair (0/6) D:8
Ossuary (visited)
    Orc: D:9-12

Altars:
Cheibriados
Elyvilon
Gozag
Kikubaaqudgha
Nemelex Xobeh
Qazlal
Ru
Sif Muna
Wu Jian
Xom
Zin
The Shining One

Shops:
D:4 [=?   D:5 (   D:6 ?   D:7 *:


Innate Abilities, Weirdness & Mutations

You are completely covered in rugged brown scales. (AC +3, +7% HP)
You have supernaturally acute eyesight. (SInv)
Armour fits poorly on your strangely shaped body.
You can roll at nearby foes to attack.
You have a long armoured tail.
You curl defensively after being hit. (AC +7*)


Message History

The yak bellows!
The yak bellows!
The yak barely misses you.
There is a stone staircase leading up here.
You block the yak's attack.
The two-headed ogre hits you with a +0 giant club!
The two-headed ogre hits you with a +0 giant spiked club!
You climb upwards.
There is a stone staircase leading down here.
You can't go up here!
Unknown command.
The yak gores you but does no damage.
The two-headed ogre is engulfed in freezing vapours.
The two-headed ogre barely misses you. You block the two-headed ogre's attack.
Things that are here:
a +0 giant club; a +0 giant club You thump the two-headed ogre!
You tail-slap the two-headed ogre!
The two-headed ogre is heavily wounded.
The two-headed ogre hits you but does no damage.
You block the two-headed ogre's attack.
You sock the two-headed ogre!
The two-headed ogre is severely wounded.
The two-headed ogre hits you with a +0 giant club!
You block the two-headed ogre's attack.
You barely miss the two-headed ogre.
You tail-slap the two-headed ogre, but do no damage.
The two-headed ogre is severely wounded.
The two-headed ogre hits you with a +0 giant club.
The two-headed ogre hits you with a +0 giant spiked club!!
You sock the two-headed ogre!
Your tail-slap misses the two-headed ogre.
The two-headed ogre is almost dead.
The yak gores you!
* * * LOW HITPOINT WARNING * * *
You hit the two-headed ogre.
The two-headed ogre is almost dead.
The two-headed ogre hits you with a +0 giant club.
* * * LOW HITPOINT WARNING * * *
The two-headed ogre hits you with a +0 giant spiked club!!
You die...

#.....([.....#[..#
###....)####..##.##
##.Y.......##...#..#
#...##.....#........
##..##...............
#..####..............
###...###..............
#....O#................
#.[..Y@○...............
#..[...°...............
#......................
###....................
#...##..[.............
#...#.................
#......#....#.......<.
##.....#..#######....#
####..#..######.....#


You could see a two-headed ogre and a yak.

Vanquished Creatures
  A two-headed ogre (D:8)
  3 wyverns (D:8)
  4 yaks
  A basilisk (D:8)
  A steam dragon (D:8)
  Duvessa (D:7)
  3 water moccasins
  An orc warrior (D:8)
  An ice beast (D:5)
  A sky beast (D:6)
  A necrophage (D:7)
  A black bear (D:6)
  3 ogres
  3 centaurs
  4 phantoms
  A kobold brigand (D:8)
  2 bullfrogs
  4 scorpions
  6 water moccasin zombies (Ossuary)
  Dowan (D:7)
  9 killer bees (D:8)
  4 centaur zombies
  A gnoll shaman (D:6)
  An orc priest (D:8)
  2 bullfrog skeletons
  A bullfrog zombie (D:6)
  4 hounds
  A jelly (D:5)
  Crazy Yiuf (D:7)
  A centaur skeleton (D:6)
  Jessica (D:3)
  2 iguanas
  2 orc wizards
  A hound zombie (D:5)
  2 mummies (Ossuary)
  3 howler monkey zombies
  5 gnolls (D:6)
  2 adders
  A shadow imp (D:5)
  4 ufetubi
  2 adder zombies (Ossuary)
  5 dart slugs
  2 worms
  13 orcs
  2 bats
  10 endoplasms
  2 giant cockroaches
  A gnoll zombie (Ossuary)
  9 goblins
  9 hobgoblins
  2 jackals (D:4)
  8 kobolds
  10 quokkas
  6 ball pythons
  8 frilled lizards (D:1)
  5 hobgoblin zombies (Ossuary)
  7 kobold zombies (Ossuary)
  3 orc zombies (Ossuary)
  8 rats
203 creatures vanquished.

Vanquished Creatures (others)
  A fungus (D:8)
  18 plants
19 creatures vanquished.

Grand Total: 222 creatures vanquished

Notes
Turn   | Place    | Note
-------+----------+-------------------------------------------
     0 | D:1      | MisterFreud the Palentonga Fighter began the quest for the
                  | Orb.
     0 | D:1      | Reached XP level 1. HP: 19/19 MP: 1/1
    97 | D:1      | Reached XP level 2. HP: 23/25 MP: 2/2
   489 | D:1      | Reached XP level 3. HP: 28/31 MP: 3/3
   747 | D:1      | Found a faded altar of an unknown god.
  1465 | D:2      | Reached XP level 4. HP: 36/37 MP: 4/4
  1576 | D:3      | Noticed Jessica
  1594 | D:3      | Killed Jessica
  1834 | D:3      | Found a shimmering blue altar of Sif Muna.
  1947 | D:3      | You fall into a shaft and drop 1 floor!
  1947 | D:4      | Found Ufegud's Jewellery Shoppe.
  1953 | D:4      | Reached skill level 5 in Maces & Flails
  1965 | D:4      | Found an ancient bone altar of Kikubaaqudgha.
  1994 | D:4      | Reached XP level 5. HP: 31/43 MP: 5/5
  2008 | D:4      | Found Vavevuqo's Magic Scroll Emporium.
  2014 | D:4      | Bought a scroll of fear for 42 gold pieces
  2056 | D:4      | Found Qunoin's Armour Boutique.
  2095 | D:4      | Noticed a phantom
  2143 | D:4      | Found a sand-covered staircase.
  2147 | Ossuary  | Entered an ossuary
  2662 | Ossuary  | Reached XP level 6. HP: 25/50 MP: 6/6
  3118 | Ossuary  | Gained mutation: You curl defensively after being hit. (AC
                  | +7*) [Palentonga growth]
  3118 | Ossuary  | Reached XP level 7. HP: 19/55 MP: 7/7
  4001 | D:3      | Found a glowing silver altar of Zin.
  4001 | D:3      | Found a glowing golden altar of the Shining One.
  4001 | D:3      | Found a white marble altar of Elyvilon.
  4338 | D:4      | Found a shimmering altar of Xom.
  4596 | D:5      | Entered Level 5 of the Dungeon
  4605 | D:5      | Found Sokkuwurch's Weapon Emporium.
  4619 | D:5      | Reached skill level 5 in Fighting
  5037 | D:5      | Found an ornate altar of the Wu Jian Council.
  5040 | D:5      | Found an opulent altar of Gozag.
  5117 | D:5      | Reached XP level 8. HP: 67/68 MP: 8/8
  5312 | D:5      | Found a stormy altar of Qazlal.
  5990 | D:5      | Became a worshipper of Qazlal Stormbringer
  6578 | D:6      | Found Usim's Magic Scroll Shoppe.
  6598 | D:6      | Reached skill level 10 in Maces & Flails
  6766 | D:6      | Bought a scroll of teleportation for 45 gold pieces
  6766 | D:6      | Bought a scroll of teleportation for 45 gold pieces
  6766 | D:6      | Bought a scroll of fog for 30 gold pieces
  7309 | D:6      | Reached * piety under Qazlal
  7322 | D:6      | Reached XP level 9. HP: 44/75 MP: 9/9
  7531 | D:6      | Found a staircase to the Ecumenical Temple.
  7715 | D:7      | Noticed Duvessa
  7715 | D:7      | Noticed Dowan
  7845 | D:7      | Killed Duvessa
  7850 | D:7      | Killed Dowan
  8220 | D:7      | Found Linuozy's General Store.
  8228 | D:7      | Bought a scroll of fear for 45 gold pieces
  8342 | D:7      | Found a snail-covered altar of Cheibriados.
  8499 | D:7      | Found a runed translucent door.
  8500 | D:7      | Noticed Crazy Yiuf
  8536 | D:7      | Found Logeysir's Book Emporium.
  8609 | D:7      | Killed Crazy Yiuf
  8736 | D:8      | Reached skill level 5 in Shields
  9691 | D:8      | Reached XP level 10. HP: 16/88 MP: 10/10
 10106 | D:8      | Reached ** piety under Qazlal
 10112 | D:8      | Noticed a two-headed ogre
 10117 | D:8      | Killed a two-headed ogre
 10118 | D:8      | Reached skill level 10 in Fighting
 10388 | D:8      | Found a staircase to the Lair.
 10486 | D:8      | Identified the +1 leather armour of Egalitarianism {rN+}
 10720 | D:8      | Found a sacrificial altar of Ru.
 10749 | D:9      | Noticed a two-headed ogre
 10749 | D:9      | Found a sparkling altar of Nemelex Xobeh.
 12034 | D:8      | Slain by a two-headed ogre

Illustrated notes

Levels and vault maps discovered:
D:1:      mrwooster_arrival_statue_3, layout_basic, basic_ecumenical_altar,
          minmay_lizard_king
D:2:      layout_rooms
D:3:      layout_loops_ring, good_gods_mini_temple, tgw_sif,
          minmay_misc_feat_cross
D:4:      layout_loops_ring, mainiacjoe_overflow_concentric_impassable,
          mainiacjoe_overflow_tiny_flanked, serial_shops, nicolae_square_shop,
          shop, shop, nicolae_ossuary_entry_false_entrances,
          minmay_misc_feat_hallway
D:5:      layout_basic, nicolae_overflow_squiral, lemuel_doored_altar,
          serial_shops, shop
D:6:      nicolae_cairo_tiling_large_dashed, layout_loops_ring, serial_shops,
          nicolae_square_shop
D:7:      layout_rooms, mainiacjoe_overflow_alcove_4, serial_shops, shop, shop,
          uniq_crazy_yiuf_cottage, uniq_duvessa
D:8:      layout_cave_pools, mainiacjoe_overflow_alcove_2,
          minmay_lair_entry_grove
D:9:      layout_rooms, mainiacjoe_overflow_catwalk

Skill      XL: |  1  2  3  4  5  6  7  8  9 10 |
---------------+-------------------------------+-----
Maces & Flails | 3 4 5 6 7 8 10 | 10.0
Fighting       | 5 6 9 10 | 10.0
Shields        | 3 6 7 |  7.2
Armour         | |  2.5

Action                   |  1- 3 |  4- 6 |  7- 9 | 10-12 || total
-------------------------+-------+-------+-------+-------++-------
Melee: Flail             |   111 |   173 |   359 |   110 ||   753
       Tailslap          |    14 |    19 |    48 |    20 ||   101
 Abil: Rolling Charge    |    29 |     6 |    46 |     7 ||    88
  Use: Scroll            |       |     2 |    11 |     6 ||    19
       Potion            |       |       |     1 |     1 ||     2
Armor: Scale mail        |    39 |    57 |   159 |    56 ||   311
Dodge: Dodged            |    22 |    49 |   126 |    52 ||   249
Block: Buckler           |    15 |    24 |    62 |    71 ||   172
